 Dungeon Crawl Stone Soup version 0.31.0-9-g3a7656b989 (webtiles) character file.

Game seed: 17530540779162864092

13643218 James the Invulnerable (level 27, 273/273 HPs)
             Began as a Minotaur Fighter on Feb 1, 2024.
             Was an Initiate of Gozag.
             Escaped with the Orb
             ... and 15 runes
             ... and 1 gem on Feb 2, 2024!
             The game lasted 06:20:08 (118117 turns).

James the Invulnerable (Minotaur Fighter)         Turns: 118117, Time: 06:20:09

Health: 273/273    AC: 49    Str: 35    XL:     27
Magic:  61/61      EV: 20    Int:  5    God:    Gozag
Gold:   27642      SH:  0    Dex: 15    Spells: 78/78 levels left

rFire   + + .        a - +9 executioner's axe (spect)
rCold   + + +        (shield currently unavailable)
rNeg    + + +        x - +12 gold dragon scales
rPois   ∞            g - -2 hat of the Alchemist {rElec rPois rF+ rC+ rN+ Will+ rMut rCorr}
rElec   +            h - +2 cloak {rCorr}
rCorr   +            A - +2 pair of gloves {Str+3}
SInv    .            K - +2 pair of boots {rampage}
Will    +++++        P - amulet of guardian spirit Stlth
                     i - ring of Qucw {rN+ Will+ Dex+2 Slay+4}
HPRegen 0.65/turn    t - ring of Levity {rC+ MP+9 Slay+4}
MPRegen 0.37/turn

%: clarity, resist mutation, guardian spirit, rampage
@: death-form, studying 3 skills
A: vile attack, torment immunity, no potions, horns 2, retaliatory headbutt,
clarity
0: Orb of Zot
}: 15/15 runes: barnacled, slimy, silver, golden, iron, obsidian, icy, bone,
abyssal, demonic, glowing, magical, fiery, dark, gossamer
a: Siphon Essence, Begin Untransformation, Renounce Religion, Potion Petition,
Call Merchant, Bribe Branch


You escaped.
You worshipped Gozag.
Gozag was extremely pleased with you.
You were an undying horror.
You visited 18 branches of the dungeon, and saw 87 of its levels.
You visited Pandemonium 1 time, and saw 11 of its levels.
You visited the Abyss 10 times.
You visited 2 bazaars.
You also visited: Sewer, Bailey, Gauntlet and Wizlab.

You collected 60710 gold pieces.
You spent 3907 gold pieces at shops.
You paid 29161 gold pieces to Gozag.

Inventory:

Hand Weapons
 a - a +9 spectral executioner's axe (weapon)
   (You found it on level 3 of the Crypt)
 b - the +7 dagger of Igruhag {freeze, Fly rElec MP-9 Str+3}
   (You found it on level 7 of Gehenna)

   Str+3:     It affects your strength (+3).
   rElec:     It insulates you from electricity.
   MP-9:      It affects your magic capacity (-9).
   Fly:       It grants you flight.
 c - a +4 battleaxe of flaming
   (You took it off a vault warden on level 3 of the Vaults)
 W - a +9 executioner's axe of draining
   (You took it off Ignacio in Pandemonium)
Missiles
 G - 21 silver javelins (quivered)
 O - 12 curare-tipped darts {!f}
 V - 2 throwing nets {!f}
Armour
 g - the -2 hat of the Alchemist (worn) {rElec rPois rF+ rC+ rN+ Will+ rMut rCorr}
   (You found it on level 7 of the Iron City of Dis)

   rF+:       It protects you from fire.
   rC+:       It protects you from cold.
   rElec:     It insulates you from electricity.
   rPois:     It protects you from poison rN+: It protects you from negative
   energy.
   Will+:     It increases your willpower.
   rCorr:     It protects you from acid and corrosion.
   rMut:      It protects you from mutation.
 h - a +2 cloak of preservation (worn)
   (You bought it in a shop on level 10 of the Dungeon)
 x - +12 gold dragon scales (worn)
   (You took it off Parghit on level 3 of the Depths)
 A - a +2 pair of gloves of strength (worn)
   (You bought it in a shop on level 10 of the Dungeon)
 E - the +0 cloak of Yrcherou {rF++ rC+}
   (You found it on level 5 of the Vaults)

   rF++:      It greatly protects you from fire.
   rC+:       It protects you from cold.
 J - the +0 mask of the Dragon {Will+ Slay+3 SInv}
   (You bought it in a shop on level 10 of the Dungeon)

   Slay+3:    It affects your accuracy & damage with ranged weapons and melee
   (+3).
   Will+:     It increases your willpower.
   SInv:      It lets you see invisible.
 K - a +2 pair of boots of rampaging (worn)
   (You found it in a Gauntlet)
Jewellery
 i - the ring of Qucw (left hand) {rN+ Will+ Dex+2 Slay+4}
   (You found it on level 7 of Gehenna)

   [ring of slaying]

   Dex+2:     It affects your dexterity (+2).
   Slay+4:    It affects your accuracy & damage with ranged weapons and melee
   (+4).
   rN+:       It protects you from negative energy.
   Will+:     It increases your willpower.
 t - the ring of Levity (right hand) {rC+ MP+9 Slay+4}
   (You found it in a Gauntlet)

   [ring of slaying]

   Slay+4:    It affects your accuracy & damage with ranged weapons and melee
   (+4).
   rC+:       It protects you from cold.
   MP+9:      It affects your magic capacity (+9).
 z - the ring of Dixtaukh {Wiz rElec rF+ rN+}
   (You found it on level 7 of Tartarus)

   [ring of wizardry]

   Wiz:       It improves your spell success rate.
   rF+:       It protects you from fire.
   rElec:     It insulates you from electricity.
   rN+:       It protects you from negative energy.
 L - the ring "Susm" {rElec EV+5 Dex-4 Stlth+}
   (You found it on level 1 of the Realm of Zot)

   [ring of evasion]

   EV+5:      It affects your evasion (+5).
   Dex-4:     It affects your dexterity (-4).
   rElec:     It insulates you from electricity.
   Stlth+:    It makes you more stealthy.
 M - a +6 ring of intelligence
   (You found it on level 3 of the Crypt)
 P - an amulet of guardian spirit (around neck)
   (You bought it in a shop in a bazaar)
 R - the ring of Mebrob {Wiz Fly rC++}
   (You found it in Pandemonium)

   [ring of wizardry]

   Wiz:       It improves your spell success rate.
   rC++:      It greatly protects you from cold.
   Fly:       It grants you flight.
 S - the ring "Ziukuxih" {rF+ Str+2 Dex+4 Stlth+}
   (You acquired it on level 4 of the Vaults)

   [ring of protection from fire]

   Str+2:     It affects your strength (+2).
   Dex+4:     It affects your dexterity (+4).
   rF+:       It protects you from fire.
   Stlth+:    It makes you more stealthy.
Talismans
 F - a talisman of death (active)
   (You bought it in a shop in a bazaar)
Wands
 d - a wand of iceblast (94)
   (You found it on level 6 of the Dungeon)
 q - a wand of polymorph (44)
   (You took it off Terence on level 2 of the Dungeon)
 v - a wand of digging (68)
   (You found it on level 5 of the Vaults)
 C - a wand of charming (109)
   (You found it on level 13 of the Dungeon)
 D - a wand of quicksilver (41)
   (You found it on level 1 of the Vaults)
Scrolls
 f - 4 scrolls of enchant armour
 j - 14 scrolls of fog
 k - 14 scrolls of immolation {!r}
 n - 12 scrolls of blinking
 y - 18 scrolls of fear
 B - 46 scrolls of teleportation {@r4}
 I - 2 scrolls of summoning
 U - 4 scrolls of revelation
 X - 2 scrolls of silence
Potions
 e - 2 potions of resistance
 o - 6 potions of cancellation
 r - 16 potions of heal wounds {@q2}
 s - 30 potions of curing {@q1}
 u - 16 potions of mutation {!q}
 w - 12 potions of might
 H - 9 potions of invisibility
 T - 13 potions of magic
 Y - 11 potions of haste {@q3}
Miscellaneous
 l - a sack of spiders
   (You found it on level 2 of the Shoals)
 m - a phial of floods
   (You found it on level 2 of the Shoals)
 p - the horn of Geryon
   (You took it off Geryon in the Vestibule of Hell)
 N - a figurine of a ziggurat {!*}
 Q - a condenser vane
   (You found it on level 4 of the Dungeon)
 Z - a phantom mirror
   (You found it in a Gauntlet)


   Skills:
 O Level 27 Fighting
 O Level 27 Axes
 O Level 27 Armour
 O Level 27 Dodging
 - Level 4.0 Shields
 * Level 26.1 Spellcasting
 + Level 23.8 Evocations
 + Level 25.3 Shapeshifting


You had 78 spell levels left.
You didn't know any spells.
Your spell library contained the following spells:

 Spells                   Type           Power      Damage    Failure   Level
 Apportation              Tloc           12%        N/A       16%         1
 Foxfire                  Conj/Fire      24%        2x1d5     16%         1
 Freeze                   Ice            24%        1d4       16%         1
 Kiss of Death            Conj/Necr      24%        2d7       16%         1
 Magic Dart               Conj           24%        1d4       16%         1
 Necrotise                Necr           24%        1d5       16%         1
 Shock                    Conj/Air       24%        1d4       16%         1
 Slow                     Hex            24%        N/A       16%         1
 Sting                    Conj/Alch      24%        1d4       16%         1
 Summon Small Mammal      Summ           24%        N/A       16%         1
 Blink                    Tloc           12%        N/A       24%         2
 Call Imp                 Summ           12%        N/A       24%         2
 Cigotuvi's Dreadful Rot  Necr/Alch/Air  12%        N/A       24%         2
 Ensorcelled Hibernation  Hex/Ice        12%        N/A       24%         2
 Jinxbite                 Hex            12%        N/A       24%         2
 Lesser Beckoning         Tloc           12%        N/A       24%         2
 Mercury Vapours          Alch/Air       12%        N/A       24%         2
 Momentum Strike          Conj/Tloc      12%        3d8       24%         2
 Scorch                   Fire           12%        2d5       24%         2
 Searing Ray              Conj           12%        2d4       24%         2
 Sublimation of Blood     Necr           6%         N/A       24%         2
 Call Canine Familiar     Summ           6%         N/A       43%         3
 Confusing Touch          Hex            6%         N/A       43%         3
 Frozen Ramparts          Ice            12%        1d2       43%         3
 Fugue of the Fallen      Necr           6%         N/A       43%         3
 Gell's Gravitas          Tloc           6%         N/A       43%         3
 Hailstorm                Conj/Ice       6%         3d5       43%         3
 Inner Flame              Hex/Fire       6%         N/A       43%         3
 Mephitic Cloud           Conj/Alch/Air  6%         N/A       43%         3
 Ozocubu's Armour         Ice            6%         N/A       43%         3
 Passwall                 Erth           6%         N/A       43%         3
 Sigil of Binding         Hex            6%         N/A       43%         3
 Stone Arrow              Conj/Erth      12%        3d7       43%         3
 Summon Ice Beast         Ice/Summ       6%         N/A       43%         3
 Swiftness                Air            6%         N/A       43%         3
 Teleport Other           Tloc           6%         N/A       43%         3
 Tukima's Dance           Hex            6%         N/A       43%         3
 Vampiric Draining        Necr           6%         2d6       43%         3
 Airstrike                Air            3%         2d(1-17)  83%         4
 Anguish                  Hex/Necr       3%         N/A       83%         4
 Animate Armour           Summ/Erth      12%        N/A       83%         4
 Brom's Barrelling Bould  Conj/Erth      6%         2d3       83%         4
 Cause Fear               Hex            3%         N/A       83%         4
 Dimensional Bullseye     Hex/Tloc       3%         N/A       83%         4
 Dispel Undead            Necr           6%         3d8       83%         4
 Flame Wave               Conj/Fire      6%         2d5       83%         4
 Fulminant Prism          Conj/Alch      3%         3d5       83%         4
 Ignite Poison            Fire/Alch      6%         N/A       83%         4
 Iskenderun's Mystic Bla  Conj/Tloc      6%         2d4       83%         4
 Leda's Liquefaction      Alch/Erth      3%         N/A       83%         4
 Martyr's Knell           Necr/Summ      6%         N/A       83%         4
 Olgreb's Toxic Radiance  Alch           6%         N/A       83%         4
 Passage of Golubria      Tloc           6%         N/A       83%         4
 Petrify                  Alch/Erth      6%         N/A       83%         4
 Sticky Flame             Fire/Alch      6%         2d4       83%         4
 Summon Blazeheart Golem  Fire/Summ      6%         N/A       83%         4
 Summon Lightning Spire   Summ/Air       6%         N/A       83%         4
 Vhi's Electric Charge    Tloc/Air       12%        N/A       83%         4
 Alistair's Intoxication  Alch           4%         N/A       99%         5
 Borgnjor's Vile Clutch   Necr/Erth      3%         N/A       99%         5
 Fireball                 Conj/Fire      3%         3d4       99%         5
 Freezing Cloud           Conj/Ice/Air   3%         6-21      99%         5
 Irradiate                Conj/Alch      3%         3d12      99%         5
 Iskenderun's Battlesphe  Conj           6%         2d6       99%         5
 Lee's Rapid Deconstruct  Erth           3%         3d5*      99%         5
 Metabolic Englaciation   Hex/Ice        3%         N/A       99%         5
 Summon Forest            Summ/Tloc      3%         N/A       99%         5
 Summon Mana Viper        Hex/Summ       6%         N/A       99%         5
 Yara's Violent Unravell  Hex/Alch       3%         3d4       99%         5
 Conjure Ball Lightning   Conj/Air       3%         3x3d6     100%        6
 Death Channel            Necr           3%         N/A       100%        6
 Dispersal                Tloc           3%         N/A       100%        6
 Eringya's Noxious Bog    Alch           3%         4d6       100%        6
 Plasma Beam              Fire/Air       3%         2x1d13    100%        6
 Sculpt Simulacrum        Ice/Alch       3%         N/A       100%        6
 Starburst                Conj/Fire      3%         6d3       100%        6
 Summon Cactus Giant      Summ           3%         N/A       100%        6
 Enfeeble                 Hex            3%         N/A       100%        7
 Haunt                    Necr/Summ      3%         N/A       100%        7
 Malign Gateway           Summ/Tloc      3%         N/A       100%        7
 Orb of Destruction       Conj           3%         9d5       100%        7
 Ozocubu's Refrigeration  Ice            3%         4d8       100%        7
 Spellforged Servitor     Conj/Summ      3%         N/A       100%        7
 Summon Hydra             Summ           3%         N/A       100%        7
 Borgnjor's Revivificati  Necr           3%         N/A       100%        8
 Discord                  Hex            3%         N/A       100%        8
 Ignition                 Fire           3%         3d4       100%        8
 Infestation              Necr           3%         N/A       100%        8
 Lehudib's Crystal Spear  Conj/Erth      3%         10d2      100%        8
 Summon Horrible Things   Summ           3%         N/A       100%        8
 Chain Lightning          Conj/Air       3%         3d4       100%        9
 Death's Door             Necr           3%         N/A       100%        9
 Dragon's Call            Summ           3%         N/A       100%        9
 Fire Storm               Conj/Fire      3%         8d1       100%        9
 Polar Vortex             Ice            3%         N/A       100%        9
 Shatter                  Erth           3%         3d7*      100%        9
 Animate Dead             Necr           Unusable   N/A       N/A         4

Dungeon Overview and Level Annotations

Branches:
Dungeon (15/15)            Temple (1/1) D:4            Lair (5/5) D:9
 Shoals (4/4) Lair:2       Spider (4/4) Lair:2        Slime (5/5) Lair:4
    Orc (2/2) D:11            Elf (3/3) Orc:2        Vaults (5/5) D:14
  Crypt (3/3) Vaults:2       Tomb (3/3) Crypt:3      Depths (4/4) D:15
   Hell (visited)             Dis (7/7) Hell            Geh (7/7) Hell
    Coc (7/7) Hell            Tar (7/7) Hell            Zot (5/5) Depths:4
  Sewer (visited)          Bailey (visited)          WizLab (visited)
Gauntlet (visited)

Altars:
Ashenzari
Cheibriados
Dithmenos
Elyvilon
Fedhas
Gozag
Hepliaklqana
Kikubaaqudgha
Makhleb
Nemelex Xobeh
Okawaru
Qazlal
Ru
Sif Muna
Trog
Uskayaw
Vehumet
Wu Jian
Xom
Yredelemnul
Zin
The Shining One
Jiyva
Lugonu

Shops:
D:5 [   D:7 *   D:10 [[   D:14 [((:   Orc:2 ([(:   Elf:3 (   Shoals:1 ?
Shoals:2 [   Shoals:3 *   Vaults:1 (   Vaults:4 :   Hell (   Depths:3 ((

Portals:
Hell: Depths:1 Depths:2 Depths:3 Depths:4
Abyss: Depths:3
Pandemonium: Depths:1 Depths:2
Ziggurat: Depths:1


Innate Abilities, Weirdness & Mutations

You are an undying horror.
Your melee and unarmed attacks drain, slow and weaken victims.
You are immune to unholy pain and torment.
You cannot drink.
You are immune to poison.
You have a pair of horns on your head.
You reflexively headbutt those who attack you in melee.
You possess an exceptional clarity of mind.


Message History

There is a stone staircase leading up here.
You climb upwards.
There is a stone staircase leading down here.
A blizzard demon comes into view.
The blizzard demon waves its arms in wide circles.
The air twists around and strikes you.
The blizzard demon waves its arms in wide circles.
The air twists around and strikes you!
You rampage towards the blizzard demon!
You closely miss the blizzard demon. You headbutt the blizzard demon.
Your +9 spectral executioner's axe hits the blizzard demon!
You slice the blizzard demon!!
The blizzard demon decays.
Your headbutt misses the blizzard demon.
Your +9 spectral executioner's axe hits the blizzard demon!
The blizzard demon hits you but does no damage.
The blizzard demon completely misses you.
You slice the blizzard demon!!
The blizzard demon decays.
You headbutt the blizzard demon.
You kill the blizzard demon!
Your +9 spectral executioner's axe disappears.
What level of the Dungeon? (default 1, ? - help)
An orange demon comes into view.
There is a stone staircase leading up here.
You climb upwards.
There is a stone staircase leading down here.
What level of the Dungeon? (default 1, ? - help)
A smoke demon comes into view.
There is a stone staircase leading down here.
You rampage towards the smoke demon!
The smoke demon barely misses you. You furiously retaliate!
You headbutt the smoke demon!! The smoke demon closely misses you.
The smoke demon misses you.
You carve the smoke demon like a ham!!!
You kill the smoke demon!
What level of the Dungeon? (default 1, ? - help)
There is a stone staircase leading up here.
You climb upwards.
There is a stone staircase leading down here.
There is an escape hatch in the ceiling here.
A mysterious force pulls you upwards. The hatch slams shut behind you.
What level of the Dungeon? (default 1, ? - help)
There is a shaft here.
You see here a +0 dagger.
There is a stone staircase leading up here.
You climb upwards.
There is a stone staircase leading down here.
As you open the door, it creaks loudly!
There is an open door here.
There is a staircase leading out of the dungeon here.
You can't go down here!
You have escaped!

#####.#.####.######'####
#...#.#.# #....##....... ######
#...#.#.# #....##....... ###....#
#.....#.# #....##.......
.......###.....#.####'######'####
.................................
.......##......#........####.....
.......>.......########'######.##
........#......#z................
#.#.##..#....########.......#...#
..#.###.#.......######..♣..###..#
..#.....#............##...## #..#
..#####.#####...####.###.## #..#
...................#.#########..#
.....##.##......##.#.#..........#
.....#................).........#
.....#..##.........#.#.#######...


There were no monsters in sight!

Vanquished Creatures
  Cerebov (Pan)
  Antaeus (Coc:7)
  the Royal Jelly (Slime:5)
  Asmodeus (Geh:7)
  Dissolution (Slime:4)
  Ereshkigal (Tar:7)
  Mnoleg (Pan)
  Gloorx Vloq (Pan)
  Ignacio (Pan)
  the Serpent of Hell (Dis:7)
  Lom Lobon (Pan)
  Dispater (Dis:7)
  11 dread liches
  5 ancient liches
  6 orbs of fire
  Mara (Depths:2)
  3 juggernauts
  Josephina (Depths:1)
  Sojobo (Vaults:3)
  38 royal mummies
  Parghit (Depths:3)
  5 pandemonium lords
  4 Killer Klowns
  Vv (Depths:2)
  Boris (Tomb:3)
  Bai Suzhen (Depths:1)
  11 shard shrikes
  5 curse toes
  Saint Roka (Depths:1)
  44 caustic shrikes
  16 golden dragons
  Geryon (Hell)
  The ghost of Esecs the Devastator, a veteran GrEE of Lugonu (Crypt:2)
  9 Tzitzimimeh
  4 profane servitors
  Nikola (Depths:1)
  39 bone dragons
  5 electric golems
  16 doom hounds
  16 hellephants
  16 iron giants
  24 tentacled monstrosities
  15 Brimstone Fiends
  Zenata (Elf:1)
  28 Hell Sentinels
  37 Ice Fiends
  25 Orb Guardians (Zot:5)
  A deep elf blademaster (Elf:3)
  A walking frostbound tome (Depths:2)
  18 liches
  3 shard shrike skeletons
  Grunn (Depths:2)
  A walking crystal tome (Depths:3)
  5 quicksilver dragons
  15 tainted leviathans
  A walking divine tome (Abyss:5)
  2 deep elf master archers (Elf:3)
  20 titans
  13 searing wretches
  16 sphinxes
  16 tentacled starspawn
  19 acid blobs
  21 Executioners (Pan)
  2 eldritch tentacles
  21 death cobs
  19 storm dragons
  Murray (Depths:3)
  39 ancient champions
  A kraken (Shoals:2)
  Roxanne (Elf:1)
  20 shadow dragons
  3 fenstrider witches (Pan)
  4 tengu reavers
  2 revenants
  9 azure jellies
  3 nagarajas (WizLab)
  12 rockslimes
  A daeva (Abyss:3)
  3 demonspawn warmongers (Pan)
  Ilsuiw (Shoals:2)
  10 protean progenitors
  3 draconian knights (Zot:3)
  12 ghost moths
  13 quicksilver elementals
  8 deep elf sorcerers
  13 narguns
  5 draconian monks
  11 frost giants
  5 draconian shifters
  4 emperor scorpions
  34 fire giants
  4 iron dragons
  22 vault wardens
  3 curse skulls
  21 reapers
  9 shard shrike simulacra
  An angel (Pan)
  10 draconian annihilators
  4 deep elf elementalists (Elf:3)
  2 spectral juggernauts
  40 balrugs
  A juggernaut zombie (Abyss:5)
  3 orc warlords
  5 draconian scorchers
  12 quicksilver oozes
  3 draconian stormcallers
  8 ghouls
  13 cacodemons
  3 formless jellyfish
  4 broodmothers
  4 spectral caustic shrikes
  3 juggernaut skeletons (Pan)
  43 very ugly things
  13 demonspawn corrupters
  17 ironbound preservers
  8 vampire knights
  8 demonspawn blood saints (Pan)
  2 spriggan defenders (Depths:3)
  An ophan (Abyss:5)
  The ghost of Wivudet the Severer, a journeyman MiBe of Trog (Lair:5)
  13 black draconians
  31 stone giants
  12 demonspawn black suns (Pan)
  7 deep elf demonologists (Elf:3)
  8 bennus
  11 putrid mouths
  6 deep elf death magi
  14 deep elf annihilators
  The ghost of kalagan the Eclecticist, a journeyman DECj of Sif Muna (Orc:2)
  13 green draconians
  2 eleionomae (Shoals:2)
  3 minotaurs
  18 elemental wellsprings
  4 ironbound thunderhulks
  16 yellow draconians
  10 lorocyprocas
  30 war gargoyles
  12 white draconians
  14 dire elephants
  20 wendigos
  2 spectral titans
  10 purple draconians
  11 red draconians
  15 iron golems
  26 spark wasps
  23 mummy priests
  The ghost of kalagan the Eclecticist, a journeyman DECj of Sif Muna (Lair:4)
  18 ettins
  25 blizzard demons
  3 fire dragons
  17 eidola
  8 merfolk javelineers
  9 merfolk impalers
  A spectral iron giant (Tar:4)
  A quicksilver dragon zombie (Hell)
  2 spectral spriggans
  11 jiangshi
  13 yaktaur captains
  An entropy weaver (shapeshifter) (Abyss:3)
  16 green deaths
  A spriggan zombie (Tomb:2)
  10 great orbs of eyes
  9 deep elf high priests
  13 entropy weavers
  11 caustic shrike simulacra
  34 vault guards
  6 ogre magi
  13 ice dragons
  6 juggernaut simulacra
  Erolcha (D:11)
  4 hydras
  14 rakshasas
  16 salamander tyrants
  2 hell beasts
  2 two-headed ogres (shapeshifter)
  5 merfolk aquamancers
  5 peacekeepers
  7 radroaches
  2 catoblepae
  4 jorogumos
  An anaconda (shapeshifter) (Depths:4)
  5 spriggan air magi
  7 ironbound frosthearts
  15 boulder beetles
  4 death yaks (Lair:5)
  5 merfolk avatars (Shoals:4)
  8 stokers
  Erica (D:8)
  22 centaur warriors
  12 two-headed ogres
  4 satyrs
  2 spectral stone giants
  10 vampire magi
  34 dancing weapons
  8 tengu warriors
  19 demonic crawlers
  8 deep troll shamans
  A naga warrior (Abyss:4)
  A death knight (Crypt:1)
  35 thrashing horrors
  7 deep troll earth magi
  3 spectral emperor scorpions (Pan)
  5 occultists
  An Orb Guardian skeleton (Crypt:2)
  82 death scarabs
  5 spriggan berserkers
  36 hell hogs
  11 crystal echidnas
  11 deep elf knights
  3 orc high priests (Orc:2)
  45 soul eaters
  A storm dragon zombie (D:15)
  44 sun demons
  Sonja (D:12)
  14 wretched stars
  19 hell knights
  2 iron giant zombies
  11 iron trolls
  8 hellephant skeletons (Pan)
  13 sixfirhies
  6 skysharks
  33 shadow wraiths
  3 spatial maelstroms
  A titan skeleton (Crypt:3)
  7 pharaoh ants
  A deep troll (shapeshifter) (Depths:2)
  37 skeletal warriors
  A cherub (Pan)
  9 sea snakes
  18 shadow demons
  A bunyip zombie (Tomb:2)
  A spriggan druid (WizLab)
  An anaconda zombie (Crypt:3)
  49 deep trolls
  An anaconda skeleton (Crypt:3)
  6 orb spiders
  8 quicksilver dragon simulacra
  19 flayed ghosts
  14 glowing orange brains
  A bog body (Crypt:1)
  4 spriggan simulacra
  A golden dragon skeleton (Tomb:3)
  10 deep elf archers
  A lindwurm (shapeshifter) (Depths:2)
  9 necromancers
  3 sun moths
  11 arcanists
  11 lindwurms
  5 steelbarb worms
  58 starcursed masses
  15 deep elf zephyrmancers
  A spectral hydra (Tar:2)
  16 harpies
  16 phantasmal warriors
  27 deep elf pyromancers
  2 alligator zombies
  15 orc knights
  An oklob plant (Lair:4)
  2 bunyip skeletons
  2 wolf spider zombies (D:15)
  An iron dragon zombie (Crypt:1)
  29 ironbound convokers
  5 orc sorcerers
  37 ugly things
  29 wolf spiders
  A faun (shapeshifter) (Vaults:5)
  19 fauns
  4 spectral ettins
  16 manticores
  2 spectral centaurs
  4 shining eyes
  32 moths of wrath
  3 worldbinders (WizLab)
  5 cyclopes
  A salamander (shapeshifter) (Depths:3)
  5 kobold blastminers
  3 salamanders (Pan)
  22 vault sentinels
  5 elephants
  9 merfolk sirens
  4 ice statues (Coc:1)
  2 guardian serpents
  A dire elephant zombie (Hell)
  5 eyes of devastation
  4 meliai (Spider:4)
  9 torpor snails
  2 water nymphs (shapeshifter) (Vaults:5)
  3 apocalypse crabs
  A stone giant skeleton (Crypt:2)
  4 black mambas (Lair:5)
  15 molten gargoyles
  6 titan simulacra
  8 centaur zombies
  9 cane toads
  44 smoke demons
  Maggie (Lair:2)
  71 large abominations
  20 orange demons
  8 rust devils
  An alligator snapping turtle zombie (Tomb:1)
  5 gargoyles
  3 storm dragon simulacra
  5 unseen horrors
  A naga skeleton (Hell)
  9 water nymphs
  14 komodo dragons
  A kobold demonologist (Elf:1)
  23 tormentors
  7 efreet
  25 hellions
  A bunyip simulacrum (Hell)
  5 tengu conjurers
  10 freezing wraiths
  50 guardian mummies
  42 yaktaurs
  5 spectral harpies
  An ice devil (Depths:3)
  A golden dragon simulacrum (Coc:7)
  An alligator snapping turtle skeleton (Hell)
  2 rime drakes (Lair:5)
  6 anaconda simulacra
  3 red devils (Hell)
  6 silent spectres
  3 harpy zombies
  21 ancient zymes
  2 spectral nagas
  4 iron giant simulacra
  A wolf spider simulacrum (D:14)
  A merfolk (shapeshifter) (Vaults:5)
  9 polar bears
  21 merfolk
  A sea snake skeleton (Crypt:1)
  18 wind drakes
  13 hellwings (Pan)
  42 tarantellas
  9 trolls
  14 hornets
  A shadow dragon simulacrum (Coc:1)
  A glass eye (shapeshifter) (Vaults:5)
  3 ettin zombies
  A tarantella (shapeshifter) (Vaults:5)
  8 snapping turtles
  24 blink frogs
  3 harpy skeletons
  An ice dragon zombie (Crypt:2)
  36 raiju
  An iron dragon simulacrum (Coc:4)
  3 tyrant leeches (Lair:5)
  10 glass eyes
  A frost giant simulacrum (Depths:2)
  57 slime creatures
  7 dream sheep
  A spectral black mamba (Tar:1)
  22 water elementals
  A jumping spider (shapeshifter) (Depths:4)
  41 jumping spiders
  33 culicivoras
  A jumping spider zombie (Crypt:2)
  An air elemental (Elf:2)
  6 centaur simulacra
  68 yaks
  4 spriggans (Depths:3)
  15 wraiths
  4 spriggan skeletons
  13 wyverns
  10 dire elephant simulacra
  4 naga simulacra
  9 shadows
  28 ynoxinuls
  14 ushabtiu
  A spriggan (shapeshifter) (Abyss:5)
  An alligator snapping turtle simulacrum (Coc:1)
  10 vampires
  2 fire elementals
  18 golden eyes
  20 chaos spawn
  27 neqoxecs
  5 basilisks
  49 redbacks
  19 vampire mosquitoes
  Menkaure (D:4)
  A steam dragon (D:6)
  A naga (Abyss:4)
  Edmund (D:6)
  17 harpy simulacra
  6 spatial vortices
  4 acid dragons
  2 hydra simulacra
  A deep troll skeleton (Crypt:1)
  21 water moccasins
  6 ice beasts
  30 orc warriors
  3 sky beasts (D:6)
  2 black bears
  41 laughing skulls
  A swamp dragon zombie (Crypt:1)
  14 ettin simulacra
  7 ogres
  6 boggarts
  A dream sheep skeleton (Crypt:2)
  11 wolves
  A blink frog skeleton (Crypt:1)
  32 centaurs
  A torpor snail zombie (Crypt:2)
  A komodo dragon zombie (Crypt:1)
  3 phantoms
  5 weeping skulls
  A kobold brigand (D:9)
  6 brain worms
  A scorpion (D:5)
  2 earth elementals
  7 bullfrogs
  A gnoll sergeant (D:11)
  7 necrophages
  17 small abominations
  A human simulacrum (Depths:2)
  A wight (Crypt:3)
  A troll zombie (Crypt:1)
  6 killer bees (D:9)
  7 howler monkeys
  2 electric eels
  4 bombardier beetles
  3 quasits
  2 jellies
  23 orc priests
  2 sleepcaps
  10 hounds
  An iron imp (Abyss:2)
  A scorpion zombie (D:4)
  Terence (D:2)
  2 iguanas (D:7)
  37 orc wizards
  6 hell rats (Hell)
  5 naga zombies
  A hound zombie (D:4)
  A boggart simulacrum (D:14)
  A hound skeleton (D:4)
  44 mummies
  6 gnolls
  12 adders
  A shadow imp (D:4)
  12 white imps
  4 ufetubi
  A jelly zombie (Crypt:2)
  An adder skeleton (D:4)
  10 dart slugs
  3 ribbon worms
  96 orcs
  7 bats
  9 endoplasms
  10 giant cockroaches
  8 goblins
  9 hobgoblins
  3 jackals (D:2)
  A quokka (D:3)
  8 ball pythons
  11 frilled lizards
  A hobgoblin skeleton (Crypt:1)
  15 kobolds
  2 rats
  10 aspiring fleshes
  2 creeping infernos
  32 fire vortices
  A lurking horror (Abyss:4)
  14 starspawn tentacles
  3 tentacles (Shoals:2)
4796 creatures vanquished.

Vanquished Creatures (others)
  A fire giant (Geh:1)
  A balrug (Pan)
  A shard shrike simulacrum (Coc:7)
  A vampire knight (Depths:2)
  An elemental wellspring (Coc:7)
  A vampire mage (D:15)
  2 large abominations (Abyss:3)
  3 quicksilver dragon simulacra
  A spriggan simulacrum (Hell)
  A sphinx simulacrum (Depths:2)
  A hellion (Coc:5)
  5 anaconda simulacra
  2 golden dragon simulacra (Coc:7)
  A merfolk (Shoals:4)
  A stone giant simulacrum (Coc:7)
  An iron dragon simulacrum (Coc:7)
  A ynoxinul (Pan)
  2 dire elephant simulacra (Coc:7)
  4 harpy simulacra
  A hydra simulacrum (Coc:7)
  An ettin simulacrum (Coc:7)
  2 ball lightnings (Pan)
  A creeping inferno (Geh:7)
  A fire vortex (Geh:3)
  4 lurking horrors
  100 spectral weapons
  16 starspawn tentacles
  5 tentacles (Shoals:2)
162 creatures vanquished.

Grand Total: 4958 creatures vanquished

Notes
Turn   | Place    | Note
-------+----------+-------------------------------------------
     0 | D:1      | James the Minotaur Fighter began the quest for the Orb.
     0 | D:1      | Reached XP level 1. HP: 19/19 MP: 0/0
    40 | D:1      | Reached XP level 2. HP: 26/26 MP: 1/1
    91 | D:1      | Found a faded altar of an unknown god.
   101 | D:1      | Prayed at the altar of an unknown god.
   101 | D:1      | Became a worshipper of Gozag Ym Sagoz the Greedy
   691 | D:1      | Reached skill level 5 in Axes
   691 | D:1      | Reached XP level 3. HP: 13/31 MP: 2/2
   829 | D:2      | Reached XP level 4. HP: 36/39 MP: 3/3
   944 | D:2      | Reached XP level 5. HP: 45/45 MP: 4/4
   993 | D:2      | Noticed Terence
   997 | D:2      | Killed Terence
  1755 | D:3      | Found a glowing drain.
  1774 | Sewer    | Entered a sewer
  2041 | Sewer    | Reached XP level 6. HP: 51/51 MP: 5/5
  3169 | D:4      | Noticed a water moccasin
  3177 | D:4      | Killed a water moccasin
  3178 | D:4      | Reached XP level 7. HP: 45/57 MP: 6/6
  3353 | D:4      | Found a staircase to the Ecumenical Temple.
  3403 | Temple   | Entered the Ecumenical Temple
  3443 | D:4      | Found a burning altar of Makhleb.
  3480 | D:4      | Found a shadowy altar of Dithmenos.
  3521 | D:4      | Found a transporter.
  3541 | D:4      | Found a basalt altar of Yredelemnul.
  3545 | D:4      | Noticed Menkaure
  3551 | D:4      | Found an ancient bone altar of Kikubaaqudgha.
  3554 | D:4      | Found a transporter.
  3680 | D:5      | Entered Level 5 of the Dungeon
  3685 | D:5      | Found a stormy altar of Qazlal.
  3721 | D:5      | Reached skill level 10 in Axes
  3856 | D:5      | Reached XP level 8. HP: 64/64 MP: 7/7
  4213 | D:5      | Found Giavve's Antique Armour Shoppe.
  4290 | D:5      | Found a glowing silver altar of Zin.
  4497 | D:5      | Found a snail-covered altar of Cheibriados.
  5140 | D:6      | Found an iron altar of Okawaru.
  5327 | D:6      | Reached XP level 9. HP: 67/70 MP: 8/8
  5417 | D:6      | Reached skill level 15 in Axes
  5568 | D:6      | Noticed a troll
  5574 | D:6      | Killed a troll
  5618 | D:6      | Noticed Edmund
  5639 | D:6      | Killed Edmund
  5728 | D:6      | Identified the +5 flail "Minotaur's Foe" {speed, rN+}
  5739 | D:6      | Found the +18 Lear's hauberk
  5891 | D:6      | Found a sparkling altar of Nemelex Xobeh.
  6134 | D:7      | Found Heb Paumm's Assorted Antiques.
  6142 | D:7      | Bought a scroll labelled VIMYFO ELAETEHU for 25 gold pieces
  6142 | D:7      | Bought a scroll labelled SIRRUD JEOWEO for 25 gold pieces
  6142 | D:7      | Bought a white potion for 22 gold pieces
  6142 | D:7      | Bought a scroll of identify for 50 gold pieces
  6142 | D:7      | Bought a scroll labelled ZUPNEU YDUFADD for 25 gold pieces
  6142 | D:7      | Bought a scroll of identify for 50 gold pieces
  6175 | D:7      | Identified the +1 leather armour "Yntiest" {Will+}
  6255 | D:7      | Found a sacrificial altar of Ru.
  6352 | D:7      | Found a radiant altar of Vehumet.
  6731 | D:7      | Found a white marble altar of Elyvilon.
  7122 | D:7      | Reached XP level 10. HP: 52/77 MP: 9/9
  7241 | D:8      | Found a flagged portal.
  7285 | Bailey   | Entered a bailey
  7784 | Bailey   | Reached skill level 5 in Fighting
  7784 | Bailey   | Reached skill level 5 in Armour
  8503 | D:8      | Found a broken altar of Ashenzari.
  8934 | D:8      | Noticed Erica
  8951 | D:8      | Killed Erica
  9223 | D:9      | Found an ornate altar of the Wu Jian Council.
  9233 | D:9      | Reached XP level 11. HP: 89/92 MP: 10/10
  9526 | D:9      | Found a staircase to the Lair.
  9759 | D:10     | Entered Level 10 of the Dungeon
  9763 | D:10     | Identified the +0 chain mail of Itheturu {rC+}
  9772 | D:10     | Found a runed translucent door.
 10003 | D:10     | Found a glowing golden altar of the Shining One.
 10226 | D:10     | Found a runed translucent door.
 10693 | D:10     | Noticed a two-headed ogre
 10693 | D:10     | Noticed a two-headed ogre
 10751 | D:11     | Found a gate leading to a gauntlet.
 10754 | D:11     | Noticed a two-headed ogre
 10760 | D:11     | Killed a two-headed ogre
 10884 | Gauntlet | Entered a Gauntlet
 10884 | Gauntlet | Found a transporter.
 10884 | Gauntlet | Found a transporter.
 10884 | Gauntlet | Found a large runed translucent door.
 10884 | Gauntlet | Found a large runed translucent door.
 10884 | Gauntlet | Found a large runed translucent door.
 10884 | Gauntlet | Found a large runed translucent door.
 10884 | Gauntlet | Found a large runed translucent door.
 10884 | Gauntlet | Found a large runed translucent door.
 10884 | Gauntlet | Found a runed translucent door.
 10884 | Gauntlet | Found a runed translucent door.
 10884 | Gauntlet | Found a large runed translucent door.
 10884 | Gauntlet | Found a large runed translucent door.
 10884 | Gauntlet | Found a large runed translucent door.
 10884 | Gauntlet | Found a large runed translucent door.
 10884 | Gauntlet | Found a large runed translucent door.
 10884 | Gauntlet | Found a large runed translucent door.
 10888 | Gauntlet | Found a transporter.
 10888 | Gauntlet | Found a transporter.
 10894 | Gauntlet | Noticed a wretched star
 10895 | Gauntlet | Noticed a green death
 10898 | Gauntlet | Found a transporter.
 10904 | Gauntlet | Noticed a wretched star
 10908 | Gauntlet | Found a transporter.
 10908 | Gauntlet | Found a transporter.
 10913 | Gauntlet | Found a transporter.
 10946 | Gauntlet | Found a transporter.
 10953 | Gauntlet | Found a transporter.
 10966 | Gauntlet | Found a large runed translucent door.
 10967 | Gauntlet | Found a large runed translucent door.
 10969 | Gauntlet | Found a runed translucent gate.
 10970 | Gauntlet | Found a runed translucent gate.
 10971 | Gauntlet | Found a runed translucent gate.
 10971 | Gauntlet | Found a transporter.
 10981 | Gauntlet | Found a transporter.
 11026 | Gauntlet | Found a transporter.
 11030 | Gauntlet | Noticed a sixfirhy
 11031 | Gauntlet | Noticed a sixfirhy
 11034 | Gauntlet | Noticed a sixfirhy
 11040 | Gauntlet | Found a transporter.
 11122 | Gauntlet | Found a large runed translucent door.
 11122 | Gauntlet | Found a large runed translucent door.
 11140 | Gauntlet | Found a transporter.
 11144 | Gauntlet | Noticed a glowing orange brain
 11154 | Gauntlet | Found a transporter.
 11154 | Gauntlet | Noticed a glowing orange brain
 11168 | Gauntlet | Noticed a red ugly thing
 11328 | Gauntlet | Killed a glowing orange brain
 11328 | Gauntlet | Killed a glowing orange brain
 11329 | Gauntlet | Reached skill level 10 in Fighting
 11329 | Gauntlet | Reached skill level 10 in Armour
 11330 | Gauntlet | Killed a red ugly thing
 11343 | Gauntlet | Identified the ring of Levity {rC+ MP+9 Slay+4}
 11441 | Gauntlet | Killed a wretched star
 11458 | Gauntlet | Identified the +6 battleaxe "Athroy" {drain, Dex+5 Stlth+}
 11584 | Gauntlet | Noticed a minotaur
 11591 | Gauntlet | Killed a minotaur
 11592 | Gauntlet | Reached XP level 12. HP: 68/110 MP: 11/11
 11706 | Gauntlet | Identified the +1 pair of gloves of Pakack {Will++ rCorr
                  | Str-5 SInv}
 11707 | Gauntlet | Got the Lectures on Bringing Forth and Resurrection
 11783 | D:11     | Noticed Erolcha
 11788 | D:11     | Killed Erolcha
 11795 | D:11     | Found a staircase to the Orcish Mines.
 11803 | D:11     | Noticed a two-headed ogre
 11816 | D:11     | Killed a two-headed ogre
 12717 | D:4      | Killed Menkaure
 12935 | D:12     | Noticed Sonja
 12943 | D:12     | Killed Sonja
 12997 | D:12     | Noticed a two-headed ogre
 13315 | D:12     | Noticed a boulder beetle
 13325 | D:12     | Killed a boulder beetle
 13336 | D:12     | Found a flickering gateway to a bazaar.
 13364 | Bazaar   | Entered a bazaar
 13374 | Bazaar   | Found Oreoko's Antique Armour Emporium.
 13388 | Bazaar   | Found Peusets's Jewellery Boutique.
 13429 | Bazaar   | Found Cih Kuce's Jewellery Shoppe.
 13437 | Bazaar   | Found Tukhah's Book Shop.
 13494 | Bazaar   | Bought an amulet of guardian spirit for 480 gold pieces
 13520 | Bazaar   | Bought a talisman of death for 1280 gold pieces
 13984 | D:12     | Killed a two-headed ogre
 14273 | D:12     | Acquired a manual of Armour
 14380 | D:13     | Noticed a catoblepas
 14390 | D:13     | Killed a catoblepas
 14546 | D:13     | Noticed a tengu warrior
 14556 | D:13     | Killed a tengu warrior
 14557 | D:13     | Reached XP level 13. HP: 84/123 MP: 12/12
 14950 | D:13     | Reached skill level 15 in Armour
 15568 | Orc:1    | Entered Level 1 of the Orcish Mines
 16066 | Orc:2    | Entered Level 2 of the Orcish Mines
 16162 | Orc:2    | Found a staircase to the Elven Halls.
 16620 | Orc:2    | Reached skill level 15 in Fighting
 16740 | Orc:2    | Found Caxun's Book Shop.
 16740 | Orc:2    | Found Xainworch's Weapon Emporium.
 16746 | Orc:2    | Found Atexaj's Antique Weapon Shop.
 16746 | Orc:2    | Found Saokipn's Antique Armour Emporium.
 17076 | Orc:2    | Found a transporter.
 17078 | Orc:2    | Found a transporter.
 17086 | Orc:2    | Noticed kalagan's ghost (journeyman DECj)
 17087 | Orc:2    | Found a bloodstained altar of Trog.
 17243 | Orc:2    | Noticed an orc warlord
 18609 | D:14     | Found Leux's Book Shop.
 18676 | D:14     | Reached XP level 14. HP: 119/136 MP: 13/13
 19150 | D:14     | Noticed an ironbound preserver
 19161 | D:14     | Killed an ironbound preserver
 19209 | D:14     | Found a gate to the Vaults.
 19379 | D:15     | Entered Level 15 of the Dungeon
 19646 | D:15     | Found a staircase to the Depths.
 21202 | D:10     | Reached skill level 1 in Dodging
 21272 | D:10     | Bought the +0 mask of the Dragon {Will+ Slay+3 SInv} for
                  | 668 gold pieces
 21272 | D:10     | Found the +0 mask of the Dragon {Will+ Slay+3 SInv}
 21285 | D:10     | Bought a +1 cloak of preservation for 214 gold pieces
 21402 | Orc:2    | Bought a pair of bloodstained gloves for 323 gold pieces
 21402 | Orc:2    | Identified the +2 pair of gloves "Fudufrakk" {rElec rPois
                  | Str+3 Int-4} (You bought it in a shop on level 2 of the
                  | Orcish Mines)
 21445 | Elf:1    | Entered Level 1 of the Elven Halls
 21545 | Elf:1    | Reached XP level 15. HP: 139/149 MP: 14/14
 21833 | Elf:1    | Reached skill level 5 in Dodging
 22475 | Elf:1    | Noticed a deep elf sorcerer
 22482 | Elf:1    | Killed a deep elf sorcerer
 22549 | Elf:1    | Noticed Zenata
 22562 | Elf:1    | Killed Zenata
 22948 | Elf:1    | Noticed Roxanne
 23441 | Elf:2    | Found a shimmering blue altar of Sif Muna.
 23480 | Elf:2    | Found a runed translucent gate.
 23480 | Elf:2    | Found a runed translucent gate.
 23481 | Elf:2    | Found a runed translucent gate.
 23791 | Elf:3    | Entered Level 3 of the Elven Halls
 23792 | Elf:3    | Found Voczoopa's Antique Weapon Shoppe.
 25047 | Elf:3    | Reached XP level 16. HP: 165/165 MP: 15/15
 25146 | Abyss:2  | Cast into level 2 of the Abyss (a deep elf sorcerer)
 25331 | Abyss:2  | Noticed a tentacled starspawn
 25342 | Abyss:2  | Killed a tentacled starspawn
 25506 | Elf:3    | Escaped the Abyss
 25529 | Abyss:2  | Cast into level 2 of the Abyss (a deep elf sorcerer)
 25664 | Abyss:2  | Found a corrupted altar of Lugonu.
 25669 | Elf:3    | Escaped the Abyss
 25835 | Elf:3    | Identified the +5 dire flail of the Hills {heavy, *Corrode
                  | rC++ Int+3}
 25870 | Elf:3    | Identified the amulet "Hoeg" {RegenMP Rampage +Inv Stlth+}
 25874 | Elf:3    | Noticed a deep elf master archer
 25880 | Elf:3    | Noticed a deep elf blademaster
 25884 | Elf:3    | Identified the +1 glaive of Loziz {elec, Int+5}
 25890 | Elf:3    | Killed a deep elf blademaster
 25891 | Elf:3    | Killed a deep elf master archer
 25896 | Elf:3    | Noticed a deep elf master archer
 25916 | Elf:3    | Killed a deep elf master archer
 26772 | Elf:3    | Got the Spellbook of Dimensional Conflict
 27158 | Elf:3    | Found Voczoopa's Antique Weapon Shoppe.
 27657 | Orc:2    | Killed kalagan's ghost
 28100 | Depths:1 | Entered Level 1 of the Depths
 28106 | Depths:1 | Found a one-way gateway to a ziggurat.
 28119 | Depths:1 | Noticed Nikola
 28123 | Depths:1 | Killed Nikola
 28160 | Depths:1 | Found a gateway to Hell.
 28249 | Depths:1 | Noticed a lich
 28256 | Depths:1 | Reached XP level 17. HP: 170/178 MP: 16/16
 28261 | Depths:1 | Killed a lich
 28836 | Depths:1 | Noticed Bai Suzhen
 28844 | Depths:1 | Noticed Saint Roka
 28850 | Depths:1 | Killed Bai Suzhen
 28864 | Depths:1 | Killed Saint Roka
 29191 | Depths:1 | Found a one-way gate leading to the halls of Pandemonium.
 29731 | Depths:2 | Noticed a lich
 29736 | Depths:2 | Killed a lich
 30025 | Depths:2 | Identified the ring of Nivior {Ice Str+3}
 30025 | Depths:2 | Noticed Josephina
 30564 | Depths:1 | Killed Josephina
 31605 | Depths:2 | Reached XP level 18. HP: 182/189 MP: 17/17
 31704 | Depths:2 | Noticed Mara
 31708 | Depths:2 | Noticed James's illusion
 31720 | Depths:2 | Killed Mara
 32099 | Depths:2 | Noticed a doom hound
 32118 | Depths:2 | Noticed a lich
 32123 | Depths:2 | Killed a doom hound
 32146 | Depths:2 | Killed a lich
 32174 | Depths:2 | Noticed a doom hound
 32178 | Depths:2 | Killed a doom hound
 32178 | Depths:2 | Noticed Vv
 32181 | Depths:2 | Noticed a bone dragon
 32198 | Depths:2 | Noticed a bone dragon
 32202 | Depths:2 | Killed a bone dragon
 32206 | Depths:2 | Killed Vv
 32207 | Depths:2 | Reached skill level 27 in Armour
 32271 | Depths:2 | Killed a bone dragon
 32822 | Depths:2 | Noticed Grunn
 32830 | Depths:2 | Killed Grunn
 33663 | Abyss:3  | Cast into level 3 of the Abyss (spriggan rider)
 33851 | Abyss:3  | Gained mutation: You possess an exceptional clarity of
                  | mind. [a neqoxec]
 33889 | Abyss:3  | Noticed a bone dragon
 33904 | Abyss:3  | Killed a bone dragon
 33905 | Abyss:3  | Found a corrupted altar of Lugonu.
 34162 | Abyss:3  | Reached XP level 19. HP: 170/200 MP: 18/18
 34266 | Depths:3 | Escaped the Abyss
 34857 | Depths:3 | Found a corrupted altar of Lugonu.
 34858 | Depths:3 | Found a one-way gate to the infinite horrors of the Abyss.
 35424 | Depths:3 | Identified the +5 chain mail of Morality {rF+ rN++}
 35821 | Depths:3 | Noticed a caustic shrike
 35828 | Depths:2 | Killed a caustic shrike
 36048 | Depths:3 | Identified the +2 ring mail of Oblivion {Harm rElec}
 36054 | Depths:3 | Noticed a golden dragon
 36060 | Depths:3 | Killed a golden dragon
 36299 | Depths:3 | Noticed Parghit
 36325 | Depths:3 | Killed Parghit
 36346 | Depths:3 | Noticed a golden dragon
 36361 | Depths:3 | Killed a golden dragon
 36629 | Depths:3 | Noticed a caustic shrike
 36636 | Depths:3 | Killed a caustic shrike
 37462 | Depths:3 | Found a corrupted altar of Lugonu.
 37464 | Depths:3 | Found a one-way gate to the infinite horrors of the Abyss.
 37722 | Depths:4 | Entered Level 4 of the Depths
 38150 | Depths:4 | Reached XP level 20. HP: 214/214 MP: 19/19
 38390 | Depths:4 | Noticed a juggernaut
 38405 | Depths:3 | Killed a juggernaut
 38947 | Depths:4 | Found a gate to the Realm of Zot.
 39139 | Depths:4 | Noticed a golden dragon
 39151 | Depths:4 | Killed a golden dragon
 39621 | Elf:1    | Killed Roxanne
 40000 | Vaults:1 | Entered Level 1 of the Vaults
 40028 | Vaults:1 | Reached skill level 27 in Fighting
 40783 | Vaults:1 | Found Joifah's Weapon Emporium.
 41396 | Vaults:1 | Identified the +6 mace of Etteluogg {holy, rC+ rCorr Str+3
                  | Stlth+}
 42129 | Vaults:2 | Found a staircase to the Crypt.
 42367 | Vaults:2 | Reached skill level 27 in Axes
 42368 | Vaults:2 | Reached XP level 21. HP: 207/224 MP: 20/20
 43335 | Vaults:2 | Identified the granite talisman of the Stone Wall {Dex+4}
 43463 | Vaults:2 | Got the Papyrus of Flammable Relocation
 43569 | Vaults:3 | Reached skill level 10 in Dodging
 44547 | Vaults:3 | Identified the +2 shortbow of Anxiety {elec, *Slow Will++
                  | SInv Stlth-}
 44607 | Vaults:3 | Identified the +3 scimitar of Gin and Tonic {drain, ^Drain
                  | *Slow rF+++ Stlth+}
 44660 | Vaults:3 | Identified the +0 plate armour of Deerox {rF++ rN+++ Str-5}
 44933 | Vaults:3 | Noticed Sojobo
 44950 | Vaults:3 | Killed Sojobo
 45310 | Vaults:4 | Found Petairgh's Book Shoppe.
 45394 | Vaults:4 | Found a magical portal.
 45406 | WizLab   | Entered Alistair's Party Mansion
 45705 | WizLab   | Reached skill level 15 in Dodging
 45758 | WizLab   | Noticed a golden dragon
 45758 | WizLab   | Noticed a golden dragon
 45803 | WizLab   | Reached XP level 22. HP: 44/233 MP: 6/21
 47947 | Vaults:4 | Acquired a manual of Evocations
 47951 | Vaults:5 | Entered Level 5 of the Vaults
 47963 | Vaults:5 | Reached skill level 1 in Evocations
 47986 | Vaults:5 | Reached skill level 5 in Evocations
 48430 | Vaults:5 | Reached skill level 10 in Evocations
 48787 | Vaults:5 | Identified the amulet of Circularity {Faith +Inv rN+ Dex+3}
 49055 | Vaults:5 | Noticed a golden dragon
 49063 | Vaults:5 | Killed a golden dragon
 49395 | Vaults:5 | Identified the +0 cloak of Yrcherou {rF++ rC+}
 49400 | Vaults:5 | Got a silver rune of Zot
 49480 | Vaults:5 | Reached XP level 23. HP: 240/240 MP: 22/22
 49552 | Vaults:5 | Noticed a dread lich
 49692 | Vaults:5 | Got the Encyclopedia of Vexatious Beckoning
 49702 | Vaults:5 | Killed a dread lich
 49703 | Vaults:5 | Reached skill level 1 in Shapeshifting
 49735 | Vaults:5 | Identified the +0 robe "Runeat" {rN++}
 50856 | Depths:3 | Voluntarily entered the Abyss.
 50867 | Abyss:3  | Reached skill level 5 in Shapeshifting
 51107 | Depths:3 | Escaped the Abyss
 51430 | Depths:3 | Voluntarily entered the Abyss.
 51435 | Abyss:3  | Found a corrupted altar of Lugonu.
 51608 | Abyss:3  | Noticed an ancient lich
 51611 | Abyss:3  | Killed an ancient lich
 52216 | Depths:3 | Escaped the Abyss
 52439 | Depths:3 | Voluntarily entered the Abyss.
 52477 | Abyss:3  | Identified the +6 tower shield of the Ikuchi {Dex+3 Stlth+}
 52520 | Abyss:3  | Lost intelligence.
 52919 | Abyss:4  | Reached skill level 10 in Shapeshifting
 52926 | Abyss:4  | Found a corrupted altar of Lugonu.
 52992 | Depths:3 | Escaped the Abyss
 53302 | Depths:3 | Voluntarily entered the Abyss.
 53317 | Abyss:4  | Reached XP level 24. HP: 249/249 MP: 22/22
 53325 | Abyss:4  | Found a corrupted altar of Lugonu.
 53347 | Abyss:4  | Got an abyssal rune of Zot
 53570 | Depths:3 | Escaped the Abyss
 53839 | Hell     | Entered the Vestibule of Hell
 53839 | Hell     | Noticed Murray
 53839 | Hell     | Noticed Geryon
 54045 | Depths:3 | Killed Murray
 54134 | Hell     | Killed Geryon
 54767 | Hell     | Found a gateway to the freezing wastes of Cocytus.
 54846 | Hell     | Found a gateway to the Iron City of Dis.
 55179 | Hell     | Found a gateway to the ashen valley of Gehenna.
 55266 | Hell     | Found a gateway to the decaying netherworld of Tartarus.
 55729 | Lair:1   | Entered Level 1 of the Lair of Beasts
 55912 | Lair:1   | Identified the +9 shortbow "Eribb" {freeze, rElec rPois
                  | Int-2 Stlth+}
 56524 | Lair:2   | Noticed Maggie
 56544 | Lair:2   | Killed Maggie
 56650 | Lair:2   | Found a staircase to the Shoals.
 56814 | Lair:2   | Found a hole to the Spider Nest.
 57484 | Lair:3   | You fall into a shaft and drop 2 floors!
 57484 | Lair:5   | Entered Level 5 of the Lair of Beasts
 58713 | Lair:4   | Noticed kalagan's ghost (journeyman DECj)
 58726 | Lair:4   | Found a runed translucent door.
 58740 | Lair:4   | Killed kalagan's ghost
 58897 | Lair:4   | Found a staircase to the Slime Pits.
 58973 | Lair:4   | Identified the +1 quarterstaff "Ponatack" {protect, rCorr}
 59233 | Lair:5   | Noticed Wivudet's ghost (journeyman MiBe)
 59239 | Lair:5   | Found a transporter.
 59242 | Lair:5   | Found a transporter.
 59507 | Lair:5   | Got an earthy gem with 50 turns to spare
 59764 | Lair:5   | Killed Wivudet's ghost
 59832 | Lair:5   | Got the Guide on Chrysopoeia and the Quarry
 59917 | Spider:1 | Entered Level 1 of the Spider Nest
 60752 | Spider:2 | Lost intelligence.
 60781 | Spider:2 | Reached skill level 15 in Shapeshifting
 61071 | Spider:2 | Reached XP level 25. HP: 239/257 MP: 22/22
 62931 | Spider:4 | Entered Level 4 of the Spider Nest
 63801 | Spider:4 | Got a gossamer rune of Zot
 63803 | Spider:4 | Identified the +0 pair of gloves "Ohiug" {rPois Int+2
                  | Dex+3}
 64031 | Shoals:1 | Entered Level 1 of the Shoals
 64261 | Shoals:1 | Found Gocuezuf's Magic Scroll Boutique.
 64277 | Shoals:1 | Bought a scroll of enchant armour for 105 gold pieces
 64886 | Shoals:2 | Got the Anthology of the Sphinx
 65313 | Shoals:2 | Noticed Ilsuiw
 65327 | Shoals:2 | Killed Ilsuiw
 65488 | Shoals:2 | Found Gifomim's Armour Emporium.
 65676 | Shoals:3 | Found a flickering gateway to a bazaar.
 65694 | Bazaar   | Entered a bazaar
 65694 | Bazaar   | Found Toxegoast's Book Shop.
 65694 | Bazaar   | Found Niukaf's General Store.
 65694 | Bazaar   | Found Digohut's Antique Armour Boutique.
 65694 | Bazaar   | Found Vijaog's Antique Weapon Shop.
 65713 | Bazaar   | Bought a scroll of teleportation for 27 gold pieces
 65713 | Bazaar   | Bought a potion of might for 36 gold pieces
 66018 | Shoals:3 | Found Ytoharot's Island Escapes.
 66513 | Shoals:4 | Entered Level 4 of the Shoals
 66569 | Shoals:4 | Identified the +9 orcbow "Kijushah" {speed, rC++ Stlth+}
 67191 | Shoals:4 | Got a barnacled rune of Zot
 67596 | Shoals:3 | Bought a scroll of teleportation for 39 gold pieces
 67596 | Shoals:3 | Bought a scroll of blinking for 97 gold pieces
 67596 | Shoals:3 | Bought a potion of invisibility for 104 gold pieces
 67596 | Shoals:3 | Bought a scroll of fog for 52 gold pieces
 67596 | Shoals:3 | Bought a scroll of teleportation for 39 gold pieces
 67596 | Shoals:3 | Bought a scroll of blinking for 97 gold pieces
 68066 | Elf:2    | Reached XP level 26. HP: 264/266 MP: 22/22
 68630 | Crypt:1  | Entered Level 1 of the Crypt
 69596 | Crypt:1  | Identified the +3 quarterstaff of Ambiguity {venom,
                  | ^Fragile rC++ Int+2}
 70116 | Crypt:2  | Found a runed translucent gate.
 70116 | Crypt:2  | Found a runed translucent gate.
 70117 | Crypt:2  | Found a runed translucent gate.
 70118 | Crypt:2  | Noticed Esecs's ghost (veteran GrEE)
 70120 | Crypt:2  | Found an iron altar of Okawaru.
 70470 | Crypt:3  | Entered Level 3 of the Crypt
 70852 | Crypt:3  | Identified the +7 great mace of Truth {flame, *Rage rElec
                  | rC+ Dex+2}
 71221 | Crypt:3  | Found a staircase to the Tomb.
 71221 | Crypt:3  | Noticed a dread lich
 71226 | Crypt:3  | Killed a dread lich
 71343 | Crypt:3  | Found an ancient bone altar of Kikubaaqudgha.
 71356 | Crypt:3  | Noticed a dread lich
 71362 | Crypt:3  | Killed a dread lich
 71417 | Crypt:3  | Identified the +5 long sword of the Five Spirits {flame,
                  | Dex+3}
 71418 | Crypt:3  | Identified the +6 hand axe of the Stopping Gods {freeze,
                  | Will+}
 73108 | Vaults:4 | Acquired the ring "Ziukuxih" {rF+ Str+2 Dex+4 Stlth+}
 73338 | Coc:1    | Entered Level 1 of Cocytus
 73338 | Coc:1    | Lost intelligence.
 73460 | Zot:1    | Entered Level 1 of the Realm of Zot
 73541 | Zot:1    | Found a transporter.
 73543 | Zot:1    | Found a transporter.
 73614 | Zot:1    | Found a transporter.
 73626 | Zot:1    | Found a transporter.
 73642 | Zot:1    | Found a transporter.
 74964 | Zot:3    | Noticed an orb of fire
 74968 | Zot:3    | Reached XP level 27. HP: 122/273 MP: 15/22
 74990 | Zot:3    | Killed an orb of fire
 75036 | Zot:3    | HP: 11/273 [golden dragon (14)]
 77991 | Zot:1    | Identified the -1 pair of gloves of the Lute {rElec rCorr}
 77994 | Zot:1    | Identified the ring "Susm" {rElec EV+5 Dex-4 Stlth+}
 78271 | D:10     | Bought a +0 pair of gloves of strength for 149 gold pieces
 78660 | Tomb:1   | Entered Level 1 of the Tomb of the Ancients
 79158 | Tomb:1   | Noticed a royal mummy
 79166 | Tomb:1   | Killed a royal mummy
 79385 | Tomb:1   | Identified the +0 buckler "Weariud" {-Tele Will+ Dex+4}
 79826 | Crypt:2  | Killed Esecs's ghost
 79958 | Crypt:2  | Identified the +0 chain mail "Mifasac" {Int-4 Dex+8 Slay-4}
 80212 | Tar:1    | Entered Level 1 of Tartarus
 81195 | Tar:5    | Lost intelligence.
 81857 | Tar:7    | Entered Level 7 of Tartarus
 81874 | Tar:7    | Noticed an ancient lich
 81874 | Tar:7    | Noticed a dread lich
 81963 | Tar:7    | Reached skill level 15 in Evocations
 82522 | Tar:7    | Killed an ancient lich
 82526 | Tar:7    | Killed a dread lich
 82537 | Tar:7    | Identified the ring of Dixtaukh {Wiz rElec rF+ rN+}
 82596 | Tar:7    | Noticed Ereshkigal
 83138 | Tar:7    | Killed Ereshkigal
 83374 | Tar:7    | Got a bone rune of Zot
 83432 | Tar:7    | Noticed an ancient lich
 83433 | Tar:7    | Noticed a dread lich
 83439 | Tar:7    | Killed an ancient lich
 83441 | Tar:7    | Killed a dread lich
 83451 | Tar:7    | Identified the +11 arbalest "Vakod" {flame, Will+ Str+3
                  | Dex-2}
 83743 | Dis:1    | Entered Level 1 of the Iron City of Dis
 84010 | Dis:1    | Noticed a dread lich
 84016 | Dis:1    | Killed a dread lich
 85232 | Dis:5    | Noticed a dread lich
 85250 | Dis:5    | Killed a dread lich
 85852 | Dis:6    | Reached skill level 27 in Dodging
 85890 | Dis:7    | Entered Level 7 of the Iron City of Dis
 85899 | Dis:7    | Reached skill level 1 in Spellcasting
 86861 | Dis:7    | Reached skill level 5 in Spellcasting
 87165 | Dis:7    | Noticed a juggernaut
 87182 | Dis:7    | Killed a juggernaut
 87185 | Dis:7    | Found the -2 hat of the Alchemist {rElec rPois rF+ rC+ rN+
                  | Will+ rMut rCorr}
 87205 | Dis:7    | Got the Papyrus of the Hapless Missiles
 87208 | Dis:7    | Identified the +0 rapier "Xeur" {antimagic, SInv}
 87212 | Dis:7    | Identified the +2 rapier of Kismet {heavy, rElec rN+}
 88848 | Dis:7    | Noticed the Serpent of Hell
 88858 | Dis:7    | Killed the Serpent of Hell
 89015 | Dis:7    | Reached skill level 10 in Spellcasting
 89145 | Dis:7    | Noticed Dispater
 89166 | Dis:7    | Killed Dispater
 89189 | Dis:7    | Got an iron rune of Zot
 89257 | Dis:7    | Noticed a juggernaut
 89262 | Dis:7    | Killed a juggernaut
 91298 | Coc:6    | Noticed a dread lich
 91312 | Coc:6    | Killed a dread lich
 91725 | Coc:7    | Entered Level 7 of Cocytus
 91968 | Coc:7    | Paralysed by a wendigo for 1 turns
 92217 | Coc:7    | Noticed Antaeus
 92237 | Coc:7    | Killed Antaeus
 92271 | Coc:7    | Got an icy rune of Zot
 92385 | Coc:7    | Acquired 873 gold pieces
 92649 | Coc:7    | Paralysed by a wendigo for 1 turns
 92655 | Coc:7    | Reached skill level 15 in Spellcasting
 92671 | Coc:7    | Paralysed by a wendigo for 1 turns
 93086 | Coc:7    | Paralysed by a wendigo for 1 turns
 93092 | Coc:7    | Paralysed by a wendigo for 1 turns
 93100 | Coc:7    | Paralysed by a wendigo for 1 turns
 93123 | Coc:7    | Paralysed by a wendigo for 1 turns
 93344 | Coc:7    | Paralysed by a wendigo for 1 turns
 93475 | Coc:7    | Found the +2 pair of slick slippers {slick, slippery, EV+4}
 93945 | Geh:1    | Entered Level 1 of Gehenna
 95335 | Geh:4    | You fall into a shaft and drop 2 floors!
 95916 | Geh:7    | Entered Level 7 of Gehenna
 96503 | Geh:7    | Identified the +7 dagger of Igruhag {freeze, Fly rElec MP-9
                  | Str+3}
 96949 | Geh:7    | Identified the ring of Qucw {rN+ Will+ Dex+2 Slay+4}
 97065 | Geh:7    | Found the +13 sceptre of Asmodeus
 97065 | Geh:7    | Noticed Asmodeus
 97082 | Geh:7    | Killed Asmodeus
 97108 | Geh:7    | Got an obsidian rune of Zot
 97156 | Geh:7    | Identified the +1 rapier of Irrepressible Laughter {holy,
                  | rPois SInv}
 98646 | Slime:1  | Entered Level 1 of the Pits of Slime
 98675 | Slime:4  | Noticed Dissolution
 98678 | Slime:4  | Killed Dissolution
 98742 | Slime:5  | Entered Level 5 of the Pits of Slime
 98844 | Slime:5  | Found a viscous altar of Jiyva.
 98845 | Slime:5  | Noticed the Royal Jelly
 98867 | Slime:5  | Killed the Royal Jelly
 99113 | Slime:5  | Found the +3 Mad Mage's Maulers {Infuse+∞ VampMP -Cast}
 99257 | Slime:5  | Identified the +1 robe of Fun {Regen+ Int+8 Dex-2 Slay-3}
 99364 | Slime:5  | Identified the +4 hand axe of Foolhardiness {freeze, +Blink
                  | rPois Dex-5}
 99366 | Slime:5  | Got a slimy rune of Zot
 99368 | Slime:5  | Identified the +4 flail of the Hero {venom, Fly rF- Str-5
                  | Int+3 Dex+6}
 99969 | Depths:1 | Acquired 1021 gold pieces
 99978 | Pan      | Entered Pandemonium
100338 | Pan      | Noticed Xadghiaf the pandemonium lord
100352 | Pan      | Killed Xadghiaf the pandemonium lord
101178 | Pan      | Entered the realm of Mnoleg.
101452 | Pan      | Noticed Mnoleg
101472 | Pan      | Killed Mnoleg
102008 | Pan      | Got a glowing rune of Zot
102098 | Pan      | Found an exit through the horrors of the Abyss.
102127 | Pan      | Entered the realm of Cerebov.
102230 | Pan      | Identified the ring of Mebrob {Wiz Fly rC++}
102268 | Pan      | Found the +6 sword of Cerebov {flame}
102268 | Pan      | Noticed Cerebov
102285 | Pan      | Killed Cerebov
102324 | Pan      | Got a fiery rune of Zot
102427 | Pan      | Identified the +8 rapier "Kixkeaho" {pain, rElec rPois
                  | Stlth+}
102587 | Pan      | Identified the +6 rapier "Kywnitri" {antimagic, Str+3
                  | Dex+2}
102702 | Pan      | Got the Tome of the Geometric Wendigo
102906 | Pan      | Entered the realm of Gloorx Vloq.
102910 | Pan      | Noticed Gloorx Vloq
102920 | Pan      | Killed Gloorx Vloq
103167 | Pan      | Got a dark rune of Zot
103589 | Pan      | Found an exit through the horrors of the Abyss.
104234 | Pan      | Found an exit through the horrors of the Abyss.
104871 | Pan      | Identified the +10 long sword "Ofoo" {drain, rC+ rN+}
105794 | Pan      | Entered the realm of Lom Lobon.
106305 | Pan      | Noticed Lom Lobon
106323 | Pan      | Killed Lom Lobon
106382 | Pan      | Got a magical rune of Zot
106884 | Pan      | Noticed Gaxzodi the pandemonium lord
106902 | Pan      | Killed Gaxzodi the pandemonium lord
107286 | Pan      | Found an exit through the horrors of the Abyss.
108046 | Pan      | Noticed Possesae the pandemonium lord
108056 | Pan      | Killed Possesae the pandemonium lord
108168 | Pan      | Noticed Mett the pandemonium lord
108175 | Pan      | Killed Mett the pandemonium lord
108199 | Pan      | Noticed Ignacio
108207 | Pan      | Killed Ignacio
108373 | Pan      | Got a demonic rune of Zot
109401 | Pan      | Found an exit through the horrors of the Abyss.
109410 | Pan      | Took an exit into the Abyss.
109410 | Abyss:4  | Escaped into the Abyss
109411 | Abyss:4  | Found a hide-covered altar of Uskayaw.
109418 | Abyss:4  | Found a corrupted altar of Lugonu.
109712 | Depths:1 | Escaped the Abyss
111515 | Tomb:2   | Noticed a royal mummy
111522 | Tomb:2   | Killed a royal mummy
111522 | Tomb:2   | Lost intelligence.
111531 | Tomb:2   | Noticed a royal mummy
111531 | Tomb:2   | Noticed a royal mummy
111532 | Tomb:2   | Noticed a royal mummy
111537 | Tomb:2   | Killed a royal mummy
111542 | Tomb:2   | Killed a royal mummy
111549 | Tomb:2   | Killed a royal mummy
111994 | Tomb:1   | Noticed a royal mummy
111994 | Tomb:1   | Noticed a royal mummy
111994 | Tomb:1   | Noticed a royal mummy
111997 | Tomb:1   | Killed a royal mummy
111999 | Tomb:1   | Noticed a royal mummy
112001 | Tomb:1   | Killed a royal mummy
112006 | Tomb:1   | Noticed a royal mummy
112007 | Tomb:1   | Killed a royal mummy
112008 | Tomb:1   | Noticed a royal mummy
112010 | Tomb:1   | Killed a royal mummy
112012 | Tomb:1   | Killed a royal mummy
112012 | Tomb:1   | Noticed a royal mummy
112017 | Tomb:1   | Killed a royal mummy
112022 | Tomb:1   | Noticed a royal mummy
112024 | Tomb:1   | Killed a royal mummy
112026 | Tomb:1   | Noticed a royal mummy
112030 | Tomb:1   | Killed a royal mummy
112034 | Tomb:1   | Killed a royal mummy
112034 | Tomb:1   | Lost intelligence.
112048 | Tomb:1   | Noticed a royal mummy
112053 | Tomb:1   | Killed a royal mummy
112084 | Tomb:1   | Noticed a royal mummy
112090 | Tomb:1   | Killed a royal mummy
112153 | Tomb:1   | Noticed a royal mummy
112158 | Tomb:1   | Killed a royal mummy
112235 | Tomb:1   | Noticed a royal mummy
112237 | Tomb:1   | Noticed a royal mummy
112238 | Tomb:1   | Killed a royal mummy
112243 | Tomb:1   | Killed a royal mummy
112250 | Tomb:1   | Noticed a royal mummy
112251 | Tomb:1   | Noticed a royal mummy
112253 | Tomb:1   | Noticed a royal mummy
112256 | Tomb:1   | Killed a royal mummy
112256 | Tomb:1   | Killed a royal mummy
112257 | Tomb:1   | Noticed a royal mummy
112262 | Tomb:1   | Noticed a royal mummy
112264 | Tomb:1   | Noticed a royal mummy
112265 | Tomb:1   | Killed a royal mummy
112270 | Tomb:1   | Noticed a royal mummy
112271 | Tomb:1   | Noticed a royal mummy
112272 | Tomb:1   | Killed a royal mummy
112273 | Tomb:1   | Killed a royal mummy
112277 | Tomb:1   | Killed a royal mummy
112281 | Tomb:1   | Killed a royal mummy
112285 | Tomb:1   | Killed a royal mummy
112429 | Tomb:1   | Noticed a royal mummy
112430 | Tomb:1   | Noticed a royal mummy
112433 | Tomb:1   | Killed a royal mummy
112436 | Tomb:1   | Killed a royal mummy
112834 | Tomb:3   | Entered Level 3 of the Tomb of the Ancients
112879 | Tomb:3   | Noticed Boris
112885 | Tomb:3   | Noticed a royal mummy
112887 | Tomb:3   | Noticed a royal mummy
112888 | Tomb:3   | Noticed a royal mummy
112889 | Tomb:3   | Noticed a royal mummy
112905 | Tomb:3   | Killed Boris
112907 | Tomb:3   | Killed a royal mummy
112907 | Tomb:3   | Noticed a royal mummy
112907 | Tomb:3   | Noticed a royal mummy
112914 | Tomb:3   | Noticed a royal mummy
112923 | Tomb:3   | Noticed a royal mummy
112930 | Tomb:3   | Noticed a royal mummy
112936 | Tomb:3   | Killed a royal mummy
112963 | Tomb:3   | Killed a royal mummy
113397 | Tomb:3   | Killed a royal mummy
113402 | Tomb:3   | Killed a royal mummy
113416 | Tomb:3   | Killed a royal mummy
113420 | Tomb:3   | Killed a royal mummy
113446 | Tomb:3   | Killed a royal mummy
113453 | Tomb:3   | Killed a royal mummy
113600 | Tomb:3   | Identified the +3 war axe of Uncertain Death {speed, rPois
                  | Int-3 Dex+3}
113922 | Tomb:3   | Identified the +10 dagger of Distraction {heavy, rC+ Dex+2}
113934 | Tomb:3   | Identified the ring of Voryo {Ice Str+2}
113935 | Tomb:3   | Identified the +8 scimitar "Yshiuw" {speed, rPois rF+ rC+}
113963 | Tomb:3   | Identified the +0 ring mail of Xuovetiho {rC+ rCorr}
114088 | Tomb:3   | Got a golden rune of Zot
114579 | Depths:3 | Voluntarily entered the Abyss.
114679 | Abyss:5  | Noticed an ancient lich
114685 | Abyss:5  | Killed an ancient lich
114793 | Abyss:5  | Found a corrupted altar of Lugonu.
114800 | Depths:3 | Escaped the Abyss
114888 | Depths:3 | Voluntarily entered the Abyss.
115062 | Abyss:5  | Found a corrupted altar of Lugonu.
115187 | Depths:3 | Escaped the Abyss
115415 | Zot:5    | Entered Level 5 of the Realm of Zot
116019 | Zot:5    | Noticed a dread lich
116021 | Zot:5    | Noticed an orb of fire
116033 | Zot:5    | Killed an orb of fire
116036 | Zot:5    | Killed a dread lich
116157 | Zot:5    | Noticed an orb of fire
116180 | Zot:5    | Noticed an orb of fire
116185 | Zot:5    | Noticed a dread lich
116191 | Zot:5    | Killed an orb of fire
116194 | Zot:5    | Killed an orb of fire
116195 | Zot:5    | Noticed an ancient lich
116197 | Zot:5    | Noticed an orb of fire
116199 | Zot:5    | Noticed an orb of fire
116202 | Zot:5    | Killed a dread lich
116210 | Zot:5    | Killed an orb of fire
116217 | Zot:5    | Noticed a dread lich
116224 | Zot:5    | Killed an orb of fire
116226 | Zot:5    | Killed an ancient lich
116500 | Zot:5    | Killed a dread lich
116836 | Zot:5    | Found the ring of the Hare {EV+10}
117616 | Zot:5    | Got the Orb of Zot
117725 | Zot:2    | Noticed Rueshon the pandemonium lord
117729 | Zot:2    | Killed Rueshon the pandemonium lord
118117 | D:$      | Escaped with the Orb!

Illustrated notes

Levels and vault maps discovered:
D:1:      amcnicky_arrival_feature_with_door, layout_basic,
          ebering_ecumenical_altar_ruins
D:2:      layout_basic, minmay_misc_feat_chi, minmay_circle_x, uniq_terence
D:3:      layout_basic, portal_sewer_entry_f, kennysheep_generic_room_13
D:4:      layout_rooms, grunt_dithmenos_smoke, makhleb_blood_cavern_becter,
          gammafunk_temple_of_torment, temple_statues
D:5:      minmay_polygon_palace, layout_basic, lemuel_coloured_pillars_altar,
          chei_slow_surprise, grunt_qazlal_clouds, serial_shops,
          nicolae_shop_just_a_little_nook, serial_rivers,
          chequers_serial_rivers_large_b, chequers_serial_rivers_room_a,
          chequers_serial_rivers_small_3, chequers_serial_rivers_micro_e,
          chequers_serial_rivers_small_a, chequers_serial_rivers_small_3
D:6:      layout_rooms, nemelex_dance_club_becter, okawaru_gym_becter,
          hellmonk_guarded_unrand_lears, uniq_edmund
D:7:      layout_loops_cross, nicolae_ru_sacrificial_ziggurat,
          marbit_many_paths, nicolae_overflow_crystal_walls, serial_shops,
          nicolae_shop_statue_plus, kennysheep_cross_bottleneck
D:8:      layout_cave_pods, kennysheep_little_box, enter_bailey_5, uniq_erica
D:9:      layout_basic, mainiacjoe_overflow_small_starburst,
          minmay_lair_entry_grove
D:10:     cheibrodos_histonic, layout_loops_ring, mainiacjoe_overflow_alcove_1,
          kennysheep_generic_room_4
D:11:     layout_loops_ring, orc_0_dummy, gauntlet_entry_generic, serial_ice,
          serial_ice_o, serial_ice_a, serial_ice_d, serial_ice_e, uniq_erolcha
D:12:     layout_irregular_city, serial_shops, bzr_entry_gold,
          hangedman_decor_diamond_cutter, uniq_sonja
D:13:     layout_basic
D:14:     layout_irregular_city, skrybe_vaults_entry_preservation, serial_shops,
          shop_statue, nrook_mini_backslash, serial_ice, serial_ice_i,
          serial_ice_n, serial_ice_g, serial_ice_b
D:15:     gammafunk_depths_entry_grave, layout_basic,
          chequers_serial_rivers_room_b, serial_undead, serial_undead_a,
          serial_undead_d, serial_undead_d, serial_undead_a
Temple:   hellmonk_temple_two_chambers
Lair:1:   layout_cave_pods, grunt_megastairs_5, lemuel_fruit_tree
Lair:2:   layout_regular_city, minmay_shoals_entry_beasts, spider_nest_entry_a,
          hibernation_bobbens, serial_bayou_shore_b, serial_bayou_shore_b,
          lemuel_fruit_fields, uniq_maggie
Lair:3:   layout_roguey, dreamdust_mushroom_princess, cheibrodos_lair_lostbears
Lair:4:   layout_loops_ring, dpeg_slime_entry_enclosed,
          hellmonk_ghost_happy_afterlife, minmay_lair_oklob_items
Lair:5:   wormcave, layout_hall_layers, nzn_ghost_randoct
Shoals:1: layout_shoals, serial_shops, shop_fountains
Shoals:2: layout_shoals, serial_shops, shop, nicolae_shoals_enchanted_isle,
          uniq_ilsuiw
Shoals:3: layout_shoals, serial_shops, freezing_bzr, nicolae_island_escapes
Shoals:4: shoals_end_simple, layout_shoals, nicolae_shoals_square_sea_wall,
          nicolae_shoals_sun_and_surf
Spider:1: layout_spider_delve, hangedman_spider_tarantella_strand
Spider:2: layout_spider_delve, hellmonk_spider_spawner
Spider:3: layout_chambers, drop_trap
Spider:4: grunt_spider_rune_parallel
Slime:1:  layout_caves
Slime:2:  layout_caves
Slime:3:  layout_caves
Slime:4:  layout_caves, nicolae_slime_barrier, dissolution_awaits
Slime:5:  slime_pit_nicolae_trefoil
Orc:1:    layout_diamond_mine
Orc:2:    grunt_orc_tribal_feast, layout_caves,
          gammafunk_ghost_wrathful_warriors, nicolae_orc_flooded_monolith
Elf:1:    layout_gridlike, hangedman_elf_disciples, uniq_zenata, uniq_roxanne
Elf:2:    elven_hall_of_blades_hangedman_original [nicolae_blade_bullseye],
          layout_onion_city, serial_library_hellmonk_statue_hall
Elf:3:    minmay_elf_hall_curves, layout_loops_ring, serial_shops,
          nicolae_shop_stone, minivault_14
Vaults:1: v_misc_9, nicolae_vaults_turnstiles,
          nicolae_vaults_corridor_and_loot_room, v_pattern_3,
          nicolae_vaults_big_angled_halls, nicolae_vaults_weapon_check,
          nicolae_vaults_storage_closets_2, nicolae_vaults_trapezoid_layered,
          nicolae_vaults_trapezoid_1, nicolae_vaults_windows_and_doors_thing,
          vaults_room_door_ring, layout_vaults_ring, serial_shops,
          nicolae_shop_bloodbath_and_beyond
Vaults:2: nicolae_vaults_security_offices_3, nicolae_vaults_apartment_1,
          nicolae_vaults_door_testing_chamber, nicolae_vaults_storage_closets_1,
          nicolae_vaults_closet_pinwheel_3, v_misc_8,
          minmay_crypt_entry_vampire_xt, v_alt_pattern_6,
          nicolae_vaults_yaktaur_gun_rack, nicolae_vaults_tetromino_T_1,
          v_misc_17, v_misc_31, layout_vaults_quadrants
Vaults:3: grunt_vaults_diagonal, nicolae_vaults_meeting, v_misc_17,
          vaults_standard_mumra_x, v_alt_pattern_2, hangedman_vaults_hat,
          nicolae_vaults_trapezoid_1, nicolae_vaults_big_angled_halls,
          vaults_room_pool, vaults_room_fancy_cross, v_rooms_4,
          nicolae_vaults_closet_pinwheel_1, nicolae_vaults_apartment_1,
          nicolae_vaults_tetromino_T_1, nicolae_vaults_border_crossing,
          vaults_room_hallway, layout_vaults_omnicross, uniq_sojobo
Vaults:4: mu_enter_wizlab_6, nicolae_vaults_apartment_2,
          hangedman_vaults_impose, hangedman_vaults_corner,
          nicolae_vaults_closet_pinwheel_2, nicolae_vaults_little_squares_5,
          nicolae_vaults_more_shelving_1, vaults_standard_mumra_lines,
          nicolae_vaults_stepped_doors, nicolae_vaults_hexular_roomagon,
          hangedman_vaults_stagger, nicolae_vaults_little_squares_1, v_misc_17,
          layout_vaults_maze_bifur, serial_shops, nicolae_shop_rolling_square
Vaults:5
Crypt:1:  layout_chaotic_city, minivault_25, nicolae_crypt_ancient_font,
          corexii_leaking_fountain, nicolae_crypt_reliquary_box,
          grunt_crypt_arrival_split
Crypt:2:  layout_misc_corridors, gammafunk_ghost_fury_of_okawaru,
          grunt_ministairs_11
Crypt:3:  quadcrypt_mu
Tomb:1
Tomb:2
Tomb:3:   uniq_boris
Depths:1: layout_roguey, enter_ziggurat_f, moated_statue,
          rand_demon_pan_entry_8, hell_entry, drop_trap,
          nicolae_houndstooth_variations, uniq_nikola, uniq_bai_suzhen,
          uniq_saint_roka
Depths:2: grunt_runaround [grunt_runaround_loot, grunt_runaround_doors_1,
          grunt_runaround_doors_2, grunt_runaround_doors_3,
          grunt_runaround_doors_4], hell_entry, pan_entry, uniq_grunn, uniq_vv,
          uniq_mara, uniq_josephina
Depths:3: minmay_the_grid_square_5x5_5x5
          [minmay_the_grid_square_5x5_checkered_sparse,
          minmay_the_grid_square_5x5_forky, minmay_the_grid_square_5x5_z,
          minmay_the_grid_square_5x5_beaten_path, minmay_the_grid_square_5x5_n,
          minmay_the_grid_square_5x5_two_walls_a,
          minmay_the_grid_square_5x5_prize_open,
          minmay_the_grid_square_5x5_inner_v,
          minmay_the_grid_square_5x5_prize_pseudospiral,
          minmay_the_grid_square_5x5_meh, minmay_the_grid_square_5x5_spiral,
          minmay_the_grid_square_5x5_lines,
          minmay_the_grid_square_5x5_prize_open,
          minmay_the_grid_square_5x5_spiral_small,
          minmay_the_grid_square_5x5_minivault,
          minmay_the_grid_square_5x5_tetrominoes,
          minmay_the_grid_square_5x5_prize_snowflake,
          minmay_the_grid_square_5x5_plus,
          minmay_the_grid_square_5x5_prize_junk,
          minmay_the_grid_square_5x5_three, minmay_the_grid_square_5x5_shrine2,
          minmay_the_grid_square_5x5_corner, minmay_the_grid_square_5x5_tie,
          minmay_the_grid_square_5x5_intrusive_squares,
          minmay_the_grid_square_5x5_bridge], layout_basic,
          abyss_entry_flame_altar, infiniplex_staircase_zigzag_4,
          pf_hell_entry_tar_spiral, uniq_parghit
Depths:4: grunt_zot_entry_pinwheel, layout_cave_pools, grunt_hell_entry_dis_mu,
          chequers_serial_rivers_marsh
Hell
Dis:1:    layout_gridville
Dis:2:    layout_gridville
Dis:3:    layout_gridville, nicolae_dis_fourth_circle
Dis:4:    layout_gridville
Dis:5:    layout_subdivisions
Dis:6:    layout_jigsaw, nicolae_dis_strange_trophy_room
Dis:7:    dis_st
Geh:1:    layout_gehenna_lava_caves
Geh:2:    layout_gehenna_pools_triple, lemuel_flamethrower_3
Geh:3:    layout_gehenna_pools_triple
Geh:4:    layout_gehenna_lava_caves
Geh:6:    nicolae_geh_erupted_tower, layout_gehenna_pools_basic
Geh:7:    geh_hangedman
Coc:1:    layout_ice_bergs, nicolae_coc_statues_of_limitations
Coc:2:    layout_cocytus_delve
Coc:3:    layout_cocytus_delve
Coc:4:    layout_cocytus_delve
Coc:5:    layout_cocytus_water_paths
Coc:6:    layout_cocytus_water_paths
Coc:7:    coc_dpeg
Tar:1:    layout_cathedral_of_symmetry
Tar:2:    layout_honeycomb
Tar:3:    layout_catacombs
Tar:4:    layout_grid_maze
Tar:5:    layout_honeycomb
Tar:6:    layout_catacombs, nicolae_tar_cuneiform_oil
Tar:7:    tar_grunt_cathedral
Zot:1:    gammafunk_the_bubble [the_bubble_gammafunk_roulette], layout_gridlike,
          regret_index_zotdec_glowing_original
Zot:2:    layout_misc_corridors, grunt_megastairs_2
Zot:3:    layout_onion_interference, hangedman_zot_decor_checkerboard,
          grunt_ministairs_9, hangedman_zot_spectrum
Zot:4:    regret_index_all_hallows'_manor, layout_misc_corridors,
          bh_zot_lava_cross
Zot:5:    layout_basic

Skill      XL: |  1  2  3  4  5  6  7  8  9 10 11 12 13 14 15 16 17 18 19 20 21 22 23 24 25 26 27 |
---------------+----------------------------------------------------------------------------------+-----
Axes           | 3 5 6 7 9 11 14 16 17 18 20 22 24 27 | 27.0
Armour         | 7 11 14 20 23 26 27 | 27.0
Fighting       | 7 11 13 15 18 20 22 23 24 26 27 | 27.0
Shields        | 4 |  4.0
Dodging        | 3 6 15 18 27 | 27.0
Evocations     | 12 13 23 | 23.8
Shapeshifting  | 10 15 18 21 25 | 25.3
Spellcasting   | 26 | 26.1

Action                     |  1- 3 |  4- 6 |  7- 9 | 10-12 | 13-15 | 16-18 | 19-21 | 22-24 | 25-27 || total
---------------------------+-------+-------+-------+-------+-------+-------+-------+-------+-------++-------
  Melee: War axe           |    36 |   142 |   223 |   267 |       |       |       |       |       ||   668
         Headbutt          |     9 |     8 |    27 |    89 |   124 |   232 |   318 |   515 |  1607 ||  2929
         Battleaxe         |       |       |       |   150 |   606 |   806 |  1026 |  1571 |  1110 ||  5269
         Flail             |       |       |       |       |     4 |       |       |       |       ||     4
         Executioner's axe |       |       |       |       |       |       |       |       |  3710 ||  3710
  Throw: Boomerang         |       |       |     3 |       |       |       |       |       |       ||     3
         Javelin           |       |       |       |       |     1 |       |       |       |       ||     1
 Invoke: Call Merchant     |       |       |       |       |     3 |       |     2 |     3 |       ||     8
         Potion Petition   |       |       |       |       |     1 |     5 |       |     1 |    33 ||    40
  Evoke: Wand              |       |       |       |     5 |     1 |       |       |       |       ||     6
    Use: Scroll            |       |     6 |    11 |     7 |     8 |     2 |     4 |     6 |    36 ||    80
         Potion            |       |       |       |     1 |     2 |     4 |     2 |       |     1 ||    10
   Stab: Distracted        |       |       |     1 |     3 |     2 |     8 |    12 |    25 |   130 ||   181
         Invisible         |       |       |       |       |       |     9 |       |       |       ||     9
         Confused          |       |       |       |       |       |       |     1 |       |       ||     1
 Armour: Scale mail        |    22 |     7 |       |       |       |       |       |       |       ||    29
         Chain mail        |       |    60 |   111 |   341 |       |       |       |       |       ||   512
         Crystal plate arm |       |       |       |    37 |   649 |   655 |   226 |       |       ||  1567
         Gold dragon scale |       |       |       |       |       |       |   624 |  1075 |  3081 ||  4780
  Dodge: Dodged            |    22 |    80 |    82 |   267 |   151 |   235 |   377 |   796 |  2336 ||  4346
  Block: Buckler           |    10 |    27 |    30 |    70 |       |       |       |       |       ||   137
   Form: Death             |       |       |       |       |       |       |       |       |     1 ||     1
